 Dungeon Crawl Stone Soup version 0.26.1-11-gd32895ea62 (webtiles) character file.

Game seed: 15984992065517145811

373 Zeld the Chucker (level 6, -8/39 HPs)
             Began as an Octopode Brigand on May 13, 2021.
             Was an Initiate of Fedhas.
             Shot with an arrow by a centaur (11 damage)
             ... on level 5 of the Dungeon.
             The game lasted 00:06:02 (5155 turns).

Zeld the Chucker (Octopode Brigand)                 Turns: 5155, Time: 00:06:03

Health: -8/39      AC:  1    Str: 13    XL:     6   Next: 71%
Magic:  6/6        EV: 13    Int: 13    God:    Fedhas [......]
Gold:   321        SH:  0    Dex: 13    Spells: 5/5 levels left

rFire    . . .     SeeInvis .   a - +2 dagger
rCold    . . .     Faith    .   (no shield)
rNeg     . . .     Spirit   .   (helmet restricted)
rPois    .         Reflect  .   (no amulet)
rElec    .         Harm     .   (no ring)
rCorr    .         Rampage  .   (no ring)
Will     .....                  (no ring)
Stlth    ++++......             (no ring)
HPRegen  0.13/turn              (no ring)
MPRegen  0.10/turn              (no ring)
                                (no ring)
                                (no ring)

@: no status effects
A: almost no armour, stealthy swim, amphibious, 8 rings, constrict 8, camouflage
1, gelatinous body 1
a: Renounce Religion


You were on level 5 of the Dungeon.
You worshipped Fedhas.
Fedhas was noncommittal.
You visited 1 branch of the dungeon, and saw 5 of its levels.

You collected 321 gold pieces.

Inventory:

Hand Weapons
 a - a +2 dagger (weapon)
Missiles
 b - 37 poisoned darts (quivered)
 c - 2 curare-tipped darts
Jewellery
 d - an uncursed amulet of regeneration {unknown}
 j - an uncursed ring of stealth {unknown}
 l - a cursed ring of attention {unknown}
Wands
 z - a wand of flame (16)
Scrolls
 g - 2 scrolls of fog {unknown}
 i - 3 scrolls of enchant armour {unknown}
 k - 2 scrolls of amnesia {unknown}
 p - a scroll of remove curse {unknown}
 q - a scroll of magic mapping {unknown}
 r - a scroll of noise {unknown}
 s - 3 scrolls of identify {unknown}
 t - 2 scrolls of teleportation {unknown}
 v - a scroll of random uselessness {unknown}
 y - 2 scrolls of fear {unknown}
Potions
 e - 4 potions of curing {unknown}
 f - a potion of resistance {unknown}
 h - a potion of heal wounds {unknown}
 m - 2 potions of attraction {unknown}
 n - 2 potions of brilliance {unknown}
 o - 2 potions of magic {unknown}
 u - 3 potions of mutation {unknown}
 w - a potion of might {unknown}
 x - a potion of lignification {unknown}


   Skills:
 - Level 2.0 Fighting
 * Level 3.9 Short Blades
 - Level 6.0 Throwing
 - Level 1.0 Dodging
 - Level 5.3 Stealth


You had 5 spell levels left.
You didn't know any spells.
Your spell library contained the following spells:

 Spells                   Type           Power        Failure   Level
 Beastly Appendage        Tmut           0%           30%         1
 Wereblood                Tmut           0%           43%         2
 Spider Form              Tmut/Pois      0%           67%         3
 Ice Form                 Ice/Tmut       0%           97%         4
 Blade Hands              Tmut           0%           100%        5


Dungeon Overview and Level Annotations

Branches:
Dungeon (5/15)
 Temple: D:4-7

Altars:
Ashenzari
Fedhas
Gozag
Hepliaklqana
Nemelex Xobeh
Trog
Uskayaw
Wu Jian
Yredelemnul
Zin
The Shining One

Shops:
D:5 =

Annotations:
D:3 1 runed translucent door, Klatu's ghost, amateur VSWr
D:5 3 runed translucent doors, Eustachio; Scarexists's ghost, weakling HuDe


Innate Abilities, Weirdness & Mutations

You cannot wear most types of armour.
You are very stealthy in the water. (Stealth+)
You are amphibious.
You can wear up to eight rings at the same time.
You can use your tentacles to constrict eight enemies at once.
Your skin changes colour to match your surroundings (Stealth+).
Your rubbery body absorbs attacks. (AC +1, EV +1)


Message History

You hit the worker ant. Your grab misses the worker ant.
Your squeeze misses the worker ant.
The worker ant is lightly wounded.
The worker ant closely misses you.
You are too injured to fight recklessly!
You are too injured to fight recklessly!
You are too injured to fight recklessly!
The worker ant bites you.
You hear the rapid rusting of a very distant drain.
You hear the drain falling apart.
The worker ant closely misses you.
The centaur shoots an arrow.
The arrow hits you!
* * * LOW HITPOINT WARNING * * *
You see here an arrow.
The worker ant bites you.
* * * LOW HITPOINT WARNING * * *
The walls and floor vibrate strangely for a moment.
The centaur shoots an arrow.
The arrow hits you!
You die...
Fedhas appreciates your contribution to the ecosystem.

.....# ###.#######........#...
.#.#.# #........∩.......#.#..#
###########................#.#..#
...........................#....#
..........#................##...#
.....####.#.....................#
#...##.$#.#.............###.#....
##.##...#.#..c..........###.....#
.#.#...##..o..B.@................
'#.#'.##..g###...##########...#.#
#...###...(# #...# #...#.#
..8........# #...# ####......
#.c(###..o## ##### #....##.#.
'#.#'.##.g# ##....##.#.
.#.#..g##.# #..........
##.##.c.#.# #......##.#
#...##.)#.# ####......##..


You could see a centaur, a gnoll shaman, a worker ant and an orc.

Vanquished Creatures
  A bullfrog zombie (D:5)
  A hound (D:4)
  An orc priest (D:3)
  A bullfrog skeleton (D:5)
  An iguana (D:5)
  An orc wizard (D:3)
  Ijyb (D:5)
  A hound zombie (D:5)
  A worker ant zombie (D:4)
  3 gnolls (D:3)
  2 adders
  A shadow imp (D:5)
  A white imp (D:5)
  An adder skeleton (D:4)
  3 worms
  A dart slug (D:3)
  2 leopard geckos
  13 orcs
  8 bats
  5 giant cockroaches
  4 goblins
  6 hobgoblins
  3 quokkas
  3 frilled lizards
  5 kobolds
  7 rats
77 creatures vanquished.

Notes
Turn   | Place    | Note
-------+----------+-------------------------------------------
     0 | D:1      | Zeld the Octopode Brigand began the quest for the Orb.
     0 | D:1      | Reached XP level 1. HP: 14/14 MP: 1/1
   191 | D:1      | Reached XP level 2. HP: 7/19 MP: 2/2
   698 | D:1      | Reached skill level 3 in Throwing
  1129 | D:2      | Found an opulent altar of Gozag.
  1161 | D:2      | Reached XP level 3. HP: 2/24 MP: 3/3
  2324 | D:2      | Reached skill level 4 in Throwing
  2342 | D:3      | Reached XP level 4. HP: 25/29 MP: 4/4
  2679 | D:3      | Found a glowing silver altar of Zin.
  2772 | D:3      | Reached skill level 5 in Throwing
  2772 | D:3      | Reached XP level 5. HP: 31/34 MP: 5/5
  3179 | D:3      | Noticed Klatu's ghost (amateur VSWr)
  3180 | D:3      | Found a runed translucent door.
  3349 | D:3      | Found a hide-covered altar of Uskayaw.
  3355 | D:3      | Found a broken altar of Ashenzari.
  3356 | D:3      | Found a hazy altar of Hepliaklqana.
  3362 | D:3      | Found a basalt altar of Yredelemnul.
  3703 | D:4      | Found a sparkling altar of Nemelex Xobeh.
  3703 | D:4      | Found a blossoming altar of Fedhas.
  3754 | D:4      | Became a worshipper of Fedhas Madash
  4102 | D:3      | Found a bloodstained altar of Trog.
  4156 | D:4      | Reached skill level 6 in Throwing
  4156 | D:4      | Reached XP level 6. HP: 39/39 MP: 6/6
  4450 | D:5      | Entered Level 5 of the Dungeon
  4519 | D:5      | Found Umuhigg's Jewellery Emporium.
  4579 | D:5      | Found an ornate altar of the Wu Jian Council.
  4674 | D:5      | Found a glowing golden altar of the Shining One.
  4809 | D:5      | Found a runed translucent gate.
  4809 | D:5      | Found a runed translucent gate.
  4809 | D:5      | Found a runed translucent gate.
  4815 | D:5      | Noticed Scarexists's ghost (weakling HuDe)
  4833 | D:5      | Noticed Eustachio
  4849 | D:5      | Noticed Ijyb
  4856 | D:5      | Killed Ijyb
  5155 | D:5      | Shot with an arrow by a centaur

Illustrated notes

Levels and vault maps discovered:
D:1:      sevenhm_arrival_forest_fort_small_4, layout_basic
D:2:      layout_loops_ring, nicolae_overflow_crystal_walls, minmay_distorted
D:3:      lemuel_upstairs_altar, layout_rooms, lemuel_crystal_altar, minitemple,
          hellmonk_ghost_happy_afterlife
D:4:      layout_basic, gammafunk_temple_overflow_wave
D:5:      cheibrodos_barr_body, layout_basic, nzn_wu_jian_contemplation,
          portal_sewer_entry_e, serial_shops, shop, gammafunk_ghost_necromancy,
          st_stairs_6, tso_metal_star, uniq_ijyb, uniq_eustachio

Skill      XL: |  1  2  3  4  5  6 |
---------------+-------------------+-----
Throwing       | 3 4 5 6 |  6.0
Short Blades   | 3 |  3.9
Fighting       | |  2.0
Dodging        | |  1.0
Stealth        | |  5.3

Action                   |  1- 3 |  4- 6 || total
-------------------------+-------+-------++-------
Melee: Dagger            |    73 |    50 ||   123
       Constrict         |    19 |    27 ||    46
       Tentacles         |     8 |    18 ||    26
       Short sword       |     9 |    41 ||    50
       Unarmed           |       |     4 ||     4
 Stab: Sleeping          |     9 |     9 ||    18
       Distracted        |       |     1 ||     1
Armor: Skin              |     7 |     5 ||    12
Dodge: Dodged            |    55 |    50 ||   105
